AoeStats
← Tanana

Lombardia

507305498Analyzed
4v4 RM · 15d ago on Sep 17, 2026· 45m 32s· 8 players
Game mode
Random Map
Map size
Large (8 player)
Population
200
Speed
Normal
Resources
Standard
Victory
Conquest
Starting age
Dark Age
Ending age
Imperial Age
RankedLock teamsTeams togetherTeam positionsShared explorationLock speedFull tech treeHidden civsTurbo modeCheats
Victory
Defeat
🇩🇪 Berbers · Germany
1385
+14
🇩🇪 Ethiopians · Germany
1312
+17
🇩🇪 Magyars · Germany
1312
+17
🇩🇪 Koreans · Germany
1310
+17
🇫🇷 Britons · France
1374
-17
🇪🇸 Spanish · Spain
1338
-16
🇫🇷 Persians · France
1335
-16
🇹🇼 Khitans · Taiwan
1325
-16
Tradog
8:12 Loom
11:30 Feudal Age
16:52 Castle Age
16:31 Double-Bit Axe
19:08 Horse Collar
21:56 Bow Saw
23:43 Heavy Plow
25:08 Gold Mining
27:12 Wheelbarrow
28:48 Scale Barding Armor
29:06 Bloodlines
28:57 Husbandry
30:54 Chain Barding Armor
32:06 Forging
36:28 Imperial Age
34:15 Hand Cart
36:06 Cavalier
37:26 Plate Barding Armor
37:27 Iron Casting
38:05 Crop Rotation
38:38 Two-Man Saw
37:53 Caravan
38:00 Savar
40:34 Blast Furnace
41:17 Gold Shaft Mining
40:34 Stone Mining
40:32 Town Watch
FxSquale
10:07 Feudal Age
11:04 Double-Bit Axe
12:43 Loom
15:16 Castle Age
16:52 Bow Saw
21:54 Horse Collar
23:21 Town Watch
24:24 Wheelbarrow
25:37 Hand Cart
29:51 Imperial Age
28:32 Gold Mining
29:04 Ballistics
28:42 Fletching
29:29 Bodkin Arrow
29:35 Padded Archer Armor
29:41 Stone Mining
30:48 Bracer
31:41 Conscription
31:43 Leather Archer Armor
32:32 Chemistry
33:16 Yeomen
35:12 Caravan
34:59 Elite Longbowman
36:46 Warwolf
41:16 Siege Engineers
42:16 Two-Man Saw
43:06 Capped Ram
MTC
8:48 Loom
11:11 Feudal Age
15:07 Castle Age
13:45 Double-Bit Axe
23:26 Padded Archer Armor
24:57 Horse Collar
29:10 Wheelbarrow
30:32 Leather Archer Armor
34:54 Imperial Age
35:21 Bloodlines
35:12 Husbandry
35:12 Gold Mining
35:13 Stone Mining
36:54 Chemistry
35:20 Elite Conquistador
36:52 Ring Archer Armor
冢中枯骨
7:08 Loom
9:59 Feudal Age
12:04 Forging
22:39 Castle Age
21:59 Double-Bit Axe
22:06 Gold Mining
22:00 Domestication
24:18 Husbandry
25:05 Iron Casting
24:36 Scale Barding Armor
26:09 Bow Saw
26:02 Pastoralism
27:22 Wheelbarrow
41:18 Imperial Age
40:20 Chain Barding Armor
39:58 Stone Mining
40:28 Hand Cart
I still love Koreans
0:54 Loom
10:33 Feudal Age
14:55 Castle Age
13:20 Double-Bit Axe
13:48 Horse Collar
15:51 Wheelbarrow
22:14 Scale Mail Armor
22:33 Fletching
23:10 Town Watch
25:01 Bow Saw
24:57 Crossbowman
27:31 Hand Cart
27:33 Bodkin Arrow
28:36 Gold Mining
29:12 Heavy Plow
29:37 Stone Mining
30:45 Thumb Ring
34:20 Imperial Age
34:40 Ballistics
34:30 Arbalester
35:14 Bracer
36:06 Conscription
36:54 Two-Man Saw
37:18 Chemistry
36:03 Arrowslits
36:30 Masonry
36:37 Eupseong
37:30 Fortified Wall
37:40 Elite Skirmisher
39:48 Siege Engineers
40:17 Architecture
39:33 Arrowslits
41:35 Capped Ram
45:47 Siege Engineers
45:11 Elite Fire Lancer
45:52 Squires
46:09 Chain Mail Armor
46:04 Forging
Fürst Zono
5:45 Loom
8:38 Feudal Age
13:01 Double-Bit Axe
13:50 Horse Collar
18:25 Wheelbarrow
22:35 Castle Age
23:48 Bow Saw
23:40 Heavy Plow
28:22 Town Watch
29:35 Hand Cart
29:49 Fletching
30:10 Gold Mining
30:39 Stone Mining
32:07 Bodkin Arrow
35:39 Imperial Age
33:42 Padded Archer Armor
33:52 Thumb Ring
33:59 Bloodlines
33:50 Husbandry
34:52 Gold Shaft Mining
34:48 Leather Archer Armor
35:03 Ballistics
34:53 Scale Barding Armor
35:52 Caravan
36:23 Coinage
36:42 Conscription
36:29 Maghrebi Camels
35:50 Elite Camel Archer
36:33 Bracer
37:35 Chemistry
37:50 Banking
38:29 Ring Archer Armor
39:09 Siege Engineers
39:15 Masonry
39:18 Forging
40:23 Chain Barding Armor
42:19 Plate Barding Armor
42:20 Iron Casting
43:54 Heavy Camel Rider
46:41 Blast Furnace
I still hate Goths
5:40 Loom
8:47 Feudal Age
9:27 Double-Bit Axe
15:10 Horse Collar
21:54 Castle Age
20:18 Scale Barding Armor
20:11 Gold Mining
20:56 Bloodlines
23:04 Chain Barding Armor
22:48 Husbandry
22:21 Light Cavalry
27:41 Wheelbarrow
37:35 Imperial Age
35:27 Fletching
36:52 Bodkin Arrow
37:38 Bow Saw
38:56 Plate Barding Armor
37:41 Cavalier
41:17 Paladin
42:24 Conscription
Tanana
8:05 Loom
10:48 Feudal Age
14:44 Castle Age
13:04 Double-Bit Axe
13:56 Horse Collar
14:16 Fletching
15:11 Crossbowman
18:03 Padded Archer Armor
20:02 Bodkin Arrow
21:57 Bow Saw
23:00 Thumb Ring
26:21 Gold Mining
29:09 Ballistics
34:17 Imperial Age
32:23 Wheelbarrow
33:24 Leather Archer Armor
34:29 Arbalester
35:11 Bracer
36:12 Chemistry
37:04 Ring Archer Armor
43:40 Halberdier
44:20 Squires
44:21 Scale Mail Armor
44:32 Forging
46:13 Two-Man Saw
45:57 Chain Mail Armor
Connection lost

Rejoining the realm…

Still unreachable

The connection could not be restored.

Session expired

The server has moved on; the page needs a fresh start.